 Dungeon Crawl Stone Soup version 0.21-a0-170-g0398fc9 (webtiles) character file.

13248 Yermak the Martial Artist (level 12, -1/118 HPs)
             Began as a Gnoll Transmuter on Aug 6, 2017.
             Was a Priest of Cheibriados.
             Slain by a yak (13 damage)
             ... on level 10 of the Dungeon.
             The game lasted 01:12:36 (19691 turns).

Yermak the Martial Artist (Gnoll Transmuter)       Turns: 19691, Time: 01:12:37

Health: -1/118     AC:  5    Str:  7    XL:     12   Next: 4%
Magic:  0/16       EV: 13    Int:  7    God:    Cheibriados [***...]
Gold:   627        SH:  0    Dex:  7    Spells: 4/17 levels left

rFire    x . .     SeeInvis .     - Unarmed
rCold    + + +     Gourm    .   (shield currently unavailable)
rNeg     . . .     Faith    .   (armour currently unavailable)
rPois    +         Spirit   +   (helmet currently unavailable)
rElec    .         Reflect  .   (cloak currently unavailable)
rCorr    .         Harm     .   (gloves currently unavailable)
MR       +....                  (boots currently unavailable)
Stlth    ++........             l - amulet of guardian spirit
HPRegen  0.29/turn              m - ring of protection from magic
MPRegen  0.15/turn              c - ring of protection from cold

@: ice-form (expiring), very slightly contaminated, very slow
A: unchanging attributes, evolution 2, strong nose
a: End Transformation, Bend Time, Temporal Distortion, Renounce Religion


You were on level 10 of the Dungeon.
You worshipped Cheibriados.
Cheibriados was most pleased with you.
You were very hungry.
You were a creature of crystalline ice.
You visited 3 branches of the dungeon, and saw 13 of its levels.

You collected 627 gold pieces.

Inventory:

Hand Weapons
 d - a +2 dagger of venom
 j - a +3 shortbow
 n - a +0 hand crossbow
 v - a +0 trident
 Y - a +2 dagger of holy wrath
Missiles
 a - 100 arrows
 h - 87 poisoned needles
 F - 85 bolts
 H - 272 stones
 J - 5 javelins
 O - 15 tomahawks (quivered)
 Z - 2 throwing nets
Armour
 b - a +0 robe (melded)
 f - a +2 buckler (melded)
 i - a +2 cloak
 o - a +0 pair of gloves (melded)
 w - a scarf of repulsion (melded)
 B - a +1 ring mail of fire resistance
 W - a +0 pair of boots (melded)
Magical Staves
 y - an uncursed staff of power (melded)
Jewellery
 c - a ring of protection from cold (right front paw)
 l - an amulet of guardian spirit (around neck)
 m - a ring of protection from magic (left front paw)
 N - an uncursed amulet of faith
Wands
 t - a wand of flame (21/48)
 A - a wand of acid (0/15)
 I - a wand of iceblast (4/15)
 L - a wand of lightning (4/15)
Scrolls
 g - 2 scrolls of blinking {unknown}
 r - 2 scrolls of enchant weapon {unknown}
 x - 2 scrolls of recharging
 T - 2 scrolls of teleportation
 V - a scroll of amnesia
Potions
 s - a potion of might
 E - a potion of haste
 G - a potion of lignification
 K - 3 potions of flight
 M - 2 potions of berserk rage {unknown}
 R - a potion of agility {unknown}
 S - a potion of heal wounds
 X - a potion of brilliance
Books
 P - a book of Changes

   Spells                             Type                      Level
   a - Beastly Appendage              Transmutation                1
   b - Sticks to Snakes               Transmutation                2
   c - Spider Form                    Transmutation/Poison         3
   d - Ice Form                       Ice/Transmutation            4
   e - Blade Hands                    Transmutation                5
Comestibles
 p - 4 royal jellies
 u - 9 bread rations
 z - 6 meat rations
 C - 7 fruits


   Skills:
 + Level 10.9 Fighting
 - Level 11.2 Dodging
 - Level 3.0 Stealth
 - Level 4.0 Shields
 + Level 12.9 Unarmed Combat
 - Level 3.0 Spellcasting
 - Level 2.2 Hexes
 - Level 2.1 Necromancy
 - Level 10.0 Transmutations
 - Level 5.0 Ice Magic
 - Level 2.2 Poison Magic
 + Level 5.0 Invocations
 - Level 4.0 Evocations


You had 4 spell levels left.
You knew the following spells:

 Your Spells              Type           Power        Failure   Level  Hunger
a - Beastly Appendage     Tmut           ###...       1%          1    ##.....
b - Animate Skeleton      Necr           N/A          14%         1    ##.....
o - Apportation           Tloc           #.....       34%         1    ##.....
q - Sticks to Snakes      Tmut           ###.....     1%          2    ###....
z - Confusing Touch       Hex            #.....       14%         1    ##.....
I - Ice Form              Ice/Tmut       ##......     16%         4    #####..
O - Spider Form           Tmut/Pois      #.........   9%          3    ####...


Dungeon Overview and Level Annotations

Branches:
Dungeon (11/15)            Temple (1/1) D:6            Lair (1/6) D:10
    Orc: D:9-12

Altars:
Ashenzari
Cheibriados
Dithmenos
Elyvilon
Fedhas
Gozag
Hepliaklqana
Kikubaaqudgha
Makhleb
Nemelex Xobeh
Okawaru
Qazlal
Ru
Sif Muna
Trog
Uskayaw
Vehumet
Wu Jian
Xom
Yredelemnul
Zin
The Shining One

Annotations:
D:8 dig
D:11 exclusion: cyclops
Lair:1 Joseph


Innate Abilities, Weirdness & Mutations

Your physical attributes are unchanging.
((You have very sharp teeth.))
Your uncanny sense of smell can sniff out nearby items.
You rapidly evolve.
((Your movements are slightly less encumbered by armour. (ER -2)))


Message History

The yak gores you!
* * * LOW HITPOINT WARNING * * *
Your transformation is almost over.
The yak gores you!
* * * LOW HITPOINT WARNING * * *
There is an escape hatch in the ceiling here.
You feel better. The yak barely misses you. The yak closely misses you.
A mysterious force pulls you upwards. The hatch slams shut behind you.
You punch the yak! You freeze the yak.
The yak is heavily wounded.
The yak closely misses you.
You barely miss the yak.
The yak is heavily wounded.
The yak gores you!
* * * LOW HITPOINT WARNING * * *
You hit the yak but do no damage.
The yak is heavily wounded.
The yak gores you!
You die...

#...# #...## ##########
#....####........#
#.......#........#
#...###.#........#
.................#
...............>.#
........#........#
.......[#......YY#############
.........................)...#
.......#########.##########..#
.##.##...# #.....Z.#.Z..##
.##.###..# #######.#.####
.#....#..## ...........#
.#....#...# .#########.#
......##..# #.# ..........##
#.#


You could see a yak.

Vanquished Creatures
  Harold (D:10)
  A two-headed ogre (D:8)
  3 death yaks
  An ugly thing (D:9)
  A centaur zombie (D:9)
  A gargoyle (D:11)
  A troll (D:10)
  11 yaks
  A wyvern (D:9)
  3 hogs (D:7)
  A human (D:7)
  A hungry ghost (D:11)
  The ghost of p0werm0de the Skirmisher, an amateur DsAr of Okawaru (D:4)
  A black bear (D:6)
  3 orc warriors
  An ice beast (D:10)
  2 phantoms
  2 necrophages
  8 ogres
  A crocodile (D:10)
  6 centaurs
  A big kobold (D:10)
  8 bullfrogs
  4 scorpions
  8 killer bees
  9 wights
  7 electric eels
  3 howler monkeys
  4 crimson imps
  A bullfrog zombie (D:9)
  7 hounds
  A jelly (D:9)
  4 orc priests
  A centaur skeleton (D:7)
  4 iguanas
  8 orc wizards
  3 bullfrog skeletons
  6 worker ants
  2 hell rats (D:10)
  A killer bee zombie (D:7)
  The ghost of 4thArraOfDagon the Chopper, a weakling HuBe of Trog (D:3)
  A hound zombie (D:6)
  3 hound skeletons
  10 gnolls
  8 adders
  2 river rats (D:10)
  3 shadow imps
  2 oozes
  A worm (D:2)
  A dart slug (D:2)
  6 leopard geckos
  36 orcs
  4 giant cockroaches
  5 hobgoblins
  A jackal (D:10)
  5 kobolds
  12 quokkas
  A ball python (D:3)
  9 bats
  5 frilled lizards
  9 goblins
  A quokka zombie (D:5)
  12 rats
  A plant (D:1)
272 creatures vanquished.

Vanquished Creatures (collateral kills)
  The ghost of CarbonWolf the Cleaver, a novice MiBe of Trog (D:8)
  Maurice (D:9)
  A troll (D:11)
  Grinder (D:6)
  Edmund (D:6)
  A water moccasin (D:6)
  2 orc warriors (D:6)
  An ogre (D:10)
  A big kobold (D:8)
  2 scorpions
  A killer bee (D:9)
  A howler monkey (D:7)
  A crimson imp (D:5)
  3 hounds
  A centaur skeleton (D:10)
  A worker ant (D:5)
  A gnoll (D:9)
  An adder (D:3)
  A shadow imp (D:5)
  3 orcs
  3 jackals (D:10)
  3 kobolds (D:8)
32 creatures vanquished.

Vanquished Creatures (others)
  2 fungi (D:7)
2 creatures vanquished.

Grand Total: 306 creatures vanquished

Notes
Turn   | Place    | Note
-------+----------+-------------------------------------------
     0 | D:1      | Yermak the Gnoll Transmuter began the quest for the Orb.
     0 | D:1      | Reached XP level 1. HP: 15/15 MP: 4/4
   232 | D:1      | Reached skill level 1 in Stealth
   663 | D:1      | Reached XP level 2. HP: 20/21 MP: 4/6
  1189 | D:2      | Learned a level 2 spell: Sticks to Snakes
  1205 | D:2      | Reached skill level 3 in Stealth
  1342 | D:2      | Reached XP level 3. HP: 8/27 MP: 4/7
  2623 | D:3      | Found a shadowy altar of Dithmenos.
  2746 | D:3      | Noticed 4thArraOfDagon's ghost (weakling HuBe)
  2958 | D:3      | Reached XP level 4. HP: 31/34 MP: 6/8
  3193 | D:2      | Reached skill level 3 in Fighting
  3193 | D:2      | Reached skill level 5 in Unarmed Combat
  3388 | D:3      | Reached XP level 5. HP: 13/41 MP: 6/9
  3798 | D:2      | HP: 2/41 [something/magic dart (7)]
  4641 | D:4      | Noticed p0werm0de's ghost (amateur DsAr)
  5081 | D:4      | Reached skill level 6 in Unarmed Combat
  5578 | D:4      | Learned a level 3 spell: Spider Form
  5685 | D:4      | Reached XP level 6. HP: 36/50 MP: 5/10
  5811 | D:5      | Entered Level 5 of the Dungeon
  5990 | D:5      | Found an opulent altar of Gozag.
  6008 | D:5      | Learned a level 1 spell: Animate Skeleton
  6010 | D:5      | Learned a level 1 spell: Confusing Touch
  6077 | D:5      | Reached skill level 1 in Hexes
  6519 | D:5      | Reached skill level 3 in Transmutations
  6519 | D:5      | Reached skill level 1 in Poison Magic
  7300 | D:5      | Reached XP level 7. HP: 46/55 MP: 9/11
  7630 | D:6      | Noticed a yak
  7630 | D:6      | Noticed a yak
  7630 | D:6      | Noticed a yak
  7631 | D:6      | Noticed a yak
  7631 | D:6      | Noticed a yak
  7633 | D:6      | Noticed a yak
  7643 | D:6      | Killed a yak
  7643 | D:6      | Reached skill level 7 in Unarmed Combat
  7677 | D:6      | Killed a yak
  7677 | D:6      | Reached skill level 6 in Transmutations
  7690 | D:6      | Killed a yak
  7690 | D:6      | Reached skill level 8 in Unarmed Combat
  7690 | D:6      | Reached XP level 8. HP: 35/61 MP: 3/12
  7716 | D:5      | Killed a yak
  7949 | D:6      | Killed a yak
  7949 | D:6      | Reached skill level 9 in Unarmed Combat
  7957 | D:6      | Killed a yak
  8429 | D:6      | Noticed Grinder
  8457 | D:6      | Noticed Edmund
  8475 | D:6      | Killed Edmund
  8475 | D:6      | Reached skill level 6 in Fighting
  8475 | D:6      | Reached skill level 10 in Unarmed Combat
  8478 | D:6      | Reached XP level 9. HP: 52/69 MP: 4/13
  9073 | D:6      | Killed Grinder
  9998 | D:6      | Reached skill level 11 in Unarmed Combat
 10087 | D:6      | Found a shimmering altar of Xom.
 10087 | D:6      | Found a shattered altar of Ashenzari.
 10214 | D:6      | Found a sparkling altar of Nemelex Xobeh.
 10216 | D:6      | Found a white marble altar of Elyvilon.
 10217 | D:6      | Found an ornate altar of the Wu Jian Council.
 10650 | D:6      | Reached skill level 3 in Dodging
 10660 | D:7      | Found a blossoming altar of Fedhas.
 11104 | D:7      | Found a radiant altar of Vehumet.
 11237 | D:7      | Reached skill level 6 in Dodging
 11950 | D:7      | Reached XP level 10. HP: 68/80 MP: 9/14
 11955 | D:7      | Reached skill level 9 in Dodging
 12674 | D:8      | Noticed CarbonWolf's ghost (novice MiBe)
 12841 | D:8      | Learned a level 4 spell: Ice Form
 12863 | D:8      | Gained mutation: You evolve. [potion of mutation]
 12863 | D:8      | Gained mutation: Your movements are slightly less encumbered by armour. (ER -2) [potion of mutation]
 12912 | D:8      | Noticed a two-headed ogre
 12924 | D:8      | Killed a two-headed ogre
 12924 | D:8      | Reached skill level 3 in Ice Magic
 12990 | D:8      | Killed CarbonWolf's ghost
 14324 | D:9      | Reached skill level 9 in Transmutations
 14324 | D:9      | Reached skill level 1 in Evocations
 14544 | D:9      | Noticed a red ugly thing
 14547 | D:9      | Reached skill level 3 in Evocations
 15165 | D:9      | Reached XP level 11. HP: 85/85 MP: 11/15
 15343 | D:9      | Got a scorched chain mail
 15507 | D:9      | Noticed Maurice
 15522 | D:9      | Killed Maurice
 15531 | D:9      | Learned a level 1 spell: Apportation
 15615 | D:9      | Reached skill level 3 in Shields
 15899 | D:6      | Found a staircase to the Ecumenical Temple.
 15905 | Temple   | Entered the Ecumenical Temple
 15961 | Temple   | Became a worshipper of Cheibriados the Contemplative
 16403 | D:4      | Killed p0werm0de's ghost
 16523 | D:3      | Killed 4thArraOfDagon's ghost
 16659 | D:10     | Entered Level 10 of the Dungeon
 16778 | D:10     | Reached * piety under Cheibriados
 17132 | D:10     | Noticed Harold
 17173 | D:10     | Killed Harold
 17173 | D:10     | Reached skill level 9 in Fighting
 17243 | D:9      | Identified the cursed +0 chain mail "Nakh" {rElec} (You found it on level 9 of the Dungeon)
 17243 | D:9      | Gained mutation: You rapidly evolve. [evolution]
 17333 | D:10     | Reached ** piety under Cheibriados
 17592 | D:10     | Noticed a death yak
 17599 | D:10     | Noticed a death yak
 17601 | D:10     | Noticed a death yak
 17638 | D:9      | Killed a death yak
 17638 | D:9      | Reached skill level 12 in Unarmed Combat
 18313 | D:9      | Killed a red ugly thing
 18313 | D:9      | Reached skill level 1 in Invocations
 18685 | D:10     | Found a staircase to the Lair.
 18725 | Lair:1   | Entered Level 1 of the Lair of Beasts
 18729 | Lair:1   | Noticed Joseph
 18860 | D:10     | Killed a death yak
 18876 | D:10     | Killed a death yak
 18876 | D:10     | Reached skill level 3 in Invocations
 19240 | D:11     | Noticed a cyclops
 19285 | D:11     | Reached *** piety under Cheibriados
 19664 | D:11     | Reached XP level 12. HP: 55/99 MP: 12/16
 19691 | D:10     | Slain by a yak

Vault maps used:
D:1:      mrwooster_arrival_statue, serial_forest, infiniplex_forest_straight_1,
          infiniplex_forest_clump_small, infiniplex_forest_zigzag_1,
          infiniplex_forest_clump_cross, infiniplex_forest_lined_2,
          infiniplex_forest_straight_2, infiniplex_forest_end_1
D:3:      nicolae_dithmenos_through_a_glass_darkly
D:5:      lemuel_doored_altar, first_bread
D:6:      chequers_temple_overflow_minitemple, temple_green, uniq_edmund,
          uniq_grinder
D:7:      fedhas_altar_3, lemuel_round_altar, grunt_livestock, water_maze_lemuel
D:8:      nicolae_water_bricks, due_unseen_surprise
D:9:      chequers_big_river, kennysheep_diamond, uniq_maurice
D:10:     dpeg_lair_monsters, uniq_harold
Temple:   dshaligram_water_room_temple
Lair:1:   uniq_joseph

Skill      XL: |  1  2  3  4  5  6  7  8  9 10 11 12 |
---------------+-------------------------------------+-----
Stealth        | 2 3 |  3.0
Fighting       | 2 3 4 6 7 8 10 | 10.9
Unarmed Combat | 5 6 8 10 11 12 | 12.9
Hexes          | 2 |  2.2
Transmutations | 4 6 8 9 10 | 10.0
Poison Magic   | 2 |  2.2
Dodging        | 8 11 | 11.2
Ice Magic      | 5 |  5.0
Evocations     | 4 |  4.0
Shields        | 4 |  4.0
Necromancy     | 2 |  2.1
Invocations    | 4 5 |  5.0
Spellcasting   | |  3.0

Action                   |  1- 3 |  4- 6 |  7- 9 | 10-12 || total
-------------------------+-------+-------+-------+-------++-------
Melee: Unarmed           |   204 |   264 |   285 |   624 ||  1377
       Bite              |     7 |    10 |    11 |    16 ||    44
       Punch             |     3 |     2 |     4 |     4 ||    13
       Kick              |     6 |     9 |       |       ||    15
       Headbutt          |       |     5 |     9 |     5 ||    19
       Staff             |       |       |       |     1 ||     1
Throw: Stone             |     3 |     1 |       |    19 ||    23
       Tomahawk          |       |     7 |    16 |    12 ||    35
 Cast: Beastly Appendage |    26 |    27 |    14 |     7 ||    74
       Sticks to Snakes  |     3 |    19 |    43 |    51 ||   116
       Confusing Touch   |       |    11 |    18 |    16 ||    45
       Spider Form       |       |       |    11 |    28 ||    39
       Animate Skeleton  |       |       |       |    38 ||    38
       Ice Form          |       |       |       |    15 ||    15
Invok: Bend Time         |       |       |       |     1 ||     1
 Abil: End Transformatio |       |       |       |     9 ||     9
Evoke: Wand              |       |       |     3 |     9 ||    12
  Use: Potion            |     1 |     3 |       |     6 ||    10
       Scroll            |       |     4 |     3 |    10 ||    17
 Stab: Sleeping          |     4 |     1 |     1 |     1 ||     7
       Confused          |       |     4 |     7 |     5 ||    16
       Distracted        |       |     1 |       |     3 ||     4
  Eat: Chunk             |     8 |    14 |    16 |    31 ||    69
       Royal jelly       |       |     1 |     1 |     2 ||     4
       Fruit             |       |       |     2 |       ||     2
Armor: Robe              |    39 |    34 |    11 |    33 ||   117
       Skin              |       |     4 |       |    18 ||    22
Dodge: Dodged            |   133 |   165 |   152 |   412 ||   862
Block: Buckler           |       |       |       |    46 ||    46
